Cogmind - Beta 14 @@@ ROGUE MODE // 2024.09.25 @ 23:52:52 Player: Destravous Result: Destroyed by G-47 Trooper with Particle Gun Performance ------------- Evolutions (3) 1500 Regions Visited (5) 1000 Robots Destroyed (24) 120 Value Destroyed (954) 954 Prototype IDs (5) 100 Alien Tech Used (0) 0 Bonus (0) 0 TOTAL SCORE: 3674 Bonus ------- None Cogmind --------- Core Integrity 0/700 Matter 197/300 Energy 90/100 System Corruption 4% Temperature Cool (9) Movement Core (50) Location -7/Factory Parts ------- > --- POWER (1) -------- (None) > --- PROPULSION (3) --- (None) > --- UTILITY (7) ------ Visual Processing Unit Advanced Targeting Computer Advanced Targeting Computer Core Analyzer Hacking Suite > --- WEAPON (2) ------- Improved Datajack > --- INVENTORY (5) ---- Micro Nuclear Core Terrain Scanner Advanced Targeting Computer ECM Suite Advanced Assault Cannon Peak State ------------ > --- POWER ------------ Backup Power III > --- PROPULSION ------- Xenon Bombardment Thruster Xenon Bombardment Thruster Xenon Bombardment Thruster > --- UTILITY ---------- Medium Storage Unit Visual Processing Unit Advanced Targeting Computer Advanced Targeting Computer Core Analyzer ECM Suite Hacking Suite > --- WEAPON ----------- Improved Spread Laser > --- INVENTORY -------- Improved Heat Sink Improved Cooling System Small Storage Unit Weight Redist. System Target Analyzer Improved Utility Shielding Improved Medium Armor Plating Precision Assault Rifle Advanced Assault Cannon Remote Datajack [Rating: 40] Favorites ----------- Power Improved Deuterium Engine Engine Improved Deuterium Engine Power Core Micro Nuclear Core Propulsion Advanced Treads Treads Advanced Treads Leg Aluminum Leg Hover Unit Hover Unit Flight Unit Xenon Bombardment Thruster Utility Weight Redist. System Device Weight Redist. System Storage Small Storage Unit Processor Visual Processing Unit Hackware Hacking Suite Protection Improved Utility Shielding Weapon Plasma Cannon Energy Gun Heavy Laser Energy Cannon Plasma Cannon Ballistic Gun Light Assault Rifle Ballistic Cannon Light Cannon Launcher Grenade Launcher Special Weapon Remote Datajack Special Melee Weapon Improved Datajack Build | -11 -10 -10 -9 -8 -7 ------- Run | Yrd Mat Min Mat Mat Fac Slots Evolved 6 | . . . 2 2 2 Power . | . . . . . . Propulsion 1 | . . . 1 . . Utility 5 | . . . 1 2 2 Weapon . | . . . . . . Parts Attached 64 | . 14 1 10 5 34 Power 6 | . 1 . 1 . 4 Engine 4 | . 1 . 1 . 2 Core 2 | . . . . . 2 Reactor . | . . . . . . Propulsion 20 | . 7 . 2 1 10 Treads 5 | . 2 . . . 3 Leg 3 | . 3 . . . . Wheel . | . . . . . . Hover 6 | . 2 . 2 . 2 Flight 6 | . . . . 1 5 Utility 17 | . 2 1 1 3 10 Device 6 | . 1 1 1 . 3 Storage 5 | . 1 . . 1 3 Processor 4 | . . . . 1 3 Hackware 1 | . . . . 1 . Protection 1 | . . . . . 1 Artifact . | . . . . . . Weapon 21 | . 4 . 6 1 10 Energy Gun 8 | . . . 2 . 6 Energy Cannon 2 | . . . 1 . 1 Ballistic Gun 4 | . 2 . 1 . 1 Ballistic Cannon 2 | . 1 . . . 1 Launcher 3 | . 1 . 2 . . Special Weapon 1 | . . . . 1 . Impact Weapon . | . . . . . . Slashing Weapon . | . . . . . . Piercing Weapon . | . . . . . . Special Melee Weapon 1 | . . . . . 1 Unidentified Prototypes 3 | . . . 1 . 2 Parts Lost 34 | . 7 . 1 4 22 Power 6 | . 2 . . 1 3 Propulsion 14 | . 3 . . 2 9 Utility 4 | . . . . 1 3 Weapon 10 | . 2 . 1 . 7 Highest Loss Streak 10 | . 2 . 1 3 10 To Critical Strikes . | . . . . . . Average Slot Usage (%) 79 | . 81 57 68 83 82 Engine 4 | . 10 . 2 7 2 Treads 5 | . 3 . . . 8 Leg 3 | . 19 . . . . Hover 5 | . 3 14 16 11 2 Flight 4 | . . . . 7 6 Device 16 | . 1 28 32 27 15 Storage 8 | . 20 . . 5 8 Processor 8 | . . . . 9 13 Hackware 4 | . . . . 3 7 Protection 1 | . . . . . 1 Energy Gun 5 | . 7 . 4 11 5 Energy Cannon 1 | . . . . . 3 Ballistic Gun 2 | . 5 14 8 . . Ballistic Cannon 1 | . 6 . . . . Peak Build Rating 40 | 6 8 4 16 22 40 Average Rating 22 | 6 5 4 9 17 30 On Entrance 8 | 6 6 4 4 16 13 Naked Turns . | . . . . . . Heaviest Build 33 | 14 19 3 17 22 33 Greatest Support 66 | 20 20 3 19 19 66 Greatest Overweight (x) 5 | . 1 . 2 1 5 Average Overweight (x) . | . . . . . . Largest Inventory Capacity 10 | 8 8 8 5 8 10 Average Capacity 8 | 8 8 5 5 6 9 Most Carried 10 | 6 8 5 5 8 10 Average Carried 7 | 6 6 4 4 5 8 Final Capacity 8 | 8 8 5 5 5 5 Final Carried 6 | 6 6 4 5 4 5 Class Distribution -------------------- 76% | Mutant 16% | Infiltrator-Mutant 7% | Scavenger-Mutant Dominant Class ---------------- Mutant | -10/Materials Mutant | -10/Mines Mutant | -9/Materials Mutant | -8/Materials Mutant | -7/Factory Resources | -11 -10 -10 -9 -8 -7 ----------- Run | Yrd Mat Min Mat Mat Fac Matter Collected 770 | 200 94 . . . 476 Remotely . | . . . . . . Salvage Created 778 | . 310 . . . 468 Parts 48 | . 12 . . . 36 Haulers Intercepted . | . . . . . . Recyclers Shooed 1 | . . . . . 1 Parts Field Recycled . | . . . . . . Retrieved Matter . | . . . . . . Parts Self-Destructed . | . . . . . . Prevented . | . . . . . . Kills | -11 -10 -10 -9 -8 -7 ------- Run | Yrd Mat Min Mat Mat Fac Combat Hostiles Destroyed 21 | . 9 . . . 12 Melee 1 | . 1 . . . . Guns 10 | . 2 . . . 8 Cannons 5 | . 1 . . . 4 AOE 5 | . 5 . . . . Classes Destroyed 8 | . 3 . . . 5 Worker 1 | . 1 . . . . Builder 1 | . . . . . 1 Operator 1 | . . . . . 1 Swarmer 4 | . 1 . . . 3 Grunt 11 | . 8 . . . 3 Sentry 1 | . . . . . 1 Hunter 2 | . . . . . 2 Programmer 3 | . . . . . 3 Best Kill Streak 8 | . 6 . . . 8 Combat Bots Only 7 | . 5 . . . 7 Max Kills in Single Turn 3 | . 3 . . . 2 Gunslinging . | . . . . . . Exploded 2 | . 2 . . . . Melee 1 | . 1 . . . . Uniques/NPCs Destroyed . | . . . . . . Combat | -11 -10 -10 -9 -8 -7 -------- Run | Yrd Mat Min Mat Mat Fac Hostile Shots Fired 578 | . 105 . 49 20 404 Missed 203 | . 33 . 17 5 148 Damage Taken 4411 | . 1001 . 413 272 2725 Core 1224 | . 235 . 187 89 713 Absorbed by Shields . | . . . . . . Redirected to Shielding 102 | . . . . . 102 Regen/Repaired (Parts) 65 | . 36 . 29 . . Core Remaining (%) 60 | 100 . 6 53 83 . Volleys Fired 81 | . 20 . 1 3 57 Largest 2 | . 2 . 2 1 2 Hottest 149 | . 80 . 126 5 149 Shots Fired 129 | . 33 . 2 3 91 Gun 86 | . 23 . 2 . 61 Cannon 36 | . 6 . . . 30 Launcher 4 | . 4 . . . . Special 3 | . . . . 3 . Kinetic 40 | . 17 . . . 23 Thermal 77 | . 12 . 2 . 63 Explosive 4 | . 4 . . . . Electromagnetic 5 | . . . . . 5 Robot Hit Streak 9 | . 7 . . 1 9 Robot Miss Streak 7 | . 2 . . 1 7 Penetration Max . | . . . . . . Secondary Targets . | . . . . . . Shots Hit Robots 92 | . 23 . . 2 67 Core Hits 72 | . 21 . . . 51 Critical Kills . | . . . . . . Critical Parts Destroyed . | . . . . . . Critical Strikes 3 | . 2 . . . 1 Burn 2 | . 2 . . . . Blast 1 | . . . . . 1 Melee Attacks 2 | . . . . . 2 Impact . | . . . . . . Slashing . | . . . . . . Piercing . | . . . . . . Sneak Attacks . | . . . . . . Combat Hostiles . | . . . . . . Follow-up Attacks . | . . . . . . Damage Inflicted 2097 | . 692 . . . 1405 Guns 1056 | . 179 . . . 877 Cannons 599 | . 74 . . . 525 Explosions 426 | . 426 . . . . Melee . | . . . . . . Ramming 16 | . 13 . . . 3 Kinetic 493 | . 114 . . . 379 Thermal 1125 | . 139 . . . 986 Explosive 426 | . 426 . . . . Electromagnetic 37 | . . . . . 37 Impact . | . . . . . . Slashing . | . . . . . . Piercing . | . . . . . . Highest Corruption 4 | . . . 2 . 4 Average Corruption 1 | . . . 2 . 1 Corruption Purged . | . . . . . . Corruption Blocked . | . . . . . . Effects 14 | . . . 2 . 12 Message Errors 3 | . . . 1 . 2 Matter Fused 3 | . . . . . 3 Heat Flow Errors 2 | . . . 1 . 1 Energy Discharges 1 | . . . . . 1 Data Loss (minor) 2 | . . . . . 2 Data Loss (major) 1 | . . . . . 1 Misfires 2 | . . . . . 2 Overload Shots . | . . . . . . Overflow Damage 16 | . . . . . 16 Projectiles 16 | . . . . . 16 Explosions . | . . . . . . Melee . | . . . . . . Knockbacks 5 | . 2 . . . 3 Impact . | . . . . . . Kinetic 5 | . 2 . . . 3 Secondary . | . . . . . . Self-Inflicted Damage 71 | . 70 . . . 1 Shots 2 | . 2 . . . . Rammed 4 | . 3 . . . 1 Targets Rammed 6 | . 5 . . . 1 Kicked 2 | . 2 . . . . Crushed . | . . . . . . Highest Temperature 264 | . 245 . 218 . 264 Average Temperature 77 | . 104 . 71 . 69 Received Heat Transfer 1158 | . 234 . 165 81 678 Siege Activations . | . . . . . . Robots Corrupted . | . . . . . . Combat Hostiles . | . . . . . . Parts Fried . | . . . . . . Impact Corruptions . | . . . . . . Robots Melted . | . . . . . . Combat Hostiles . | . . . . . . Parts Melted 4 | . 1 . . . 3 Heat Transferred 1876 | . 555 . . . 1321 Parts Sabotaged . | . . . . . . Parts Stolen . | . . . . . . Parts Stripped . | . . . . . . Power Chain Reactions . | . . . . . . Alert | -11 -10 -10 -9 -8 -7 ------- Run | Yrd Mat Min Mat Mat Fac Peak Influence 303 | . 268 96 147 87 303 Initial 96 | . . 96 37 12 35 Average 86 | . 130 96 69 36 84 Maximum Alert Level 1 | . 1 . . . 1 Low Security (%) 83 | 100 51 100 100 100 85 Level 1 16 | . 48 . . . 14 Level 2 . | . . . . . . Level 3 . | . . . . . . Level 4 . | . . . . . . Level 5 . | . . . . . . High Security . | . . . . . . Max Security . | . . . . . . Squads Dispatched 13 | . 3 . 2 1 7 Investigation 5 | . 3 . 1 . 1 Extermination 2 | . . . . . 2 Reinforcement 6 | . . . 1 1 4 Assault . | . . . . . . Garrison . | . . . . . . Intercept . | . . . . . . Searches Triggered . | . . . . . . Construction Impeded . | . . . . . . Haulers Reinforced 1 | . . . . . 1 Active Scanning Responses . | . . . . . . Cargo Convoy Interrupts . | . . . . . . Stealth | -11 -10 -10 -9 -8 -7 --------- Run | Yrd Mat Min Mat Mat Fac Distress Signals . | . . . . . . Communications Jammed . | . . . . . . Distress Signals . | . . . . . . Times Spotted 82 | . 15 . 14 10 43 Peak Tracking Total 10 | . 7 . 7 7 10 Tactical Retreats 10 | . 1 . 1 1 7 Traps | -11 -10 -10 -9 -8 -7 ------- Run | Yrd Mat Min Mat Mat Fac Traps Triggered 3 | . 1 . . . 2 Indirectly . | . . . . . . Trap Hack Attempts . | . . . . . . Triggered . | . . . . . . Disarmed . | . . . . . . Reprogrammed 1 | . . . 1 . . Reused . | . . . . . . Traps Extracted . | . . . . . . Installed . | . . . . . . Triggered . | . . . . . . Machines | -11 -10 -10 -9 -8 -7 ---------- Run | Yrd Mat Min Mat Mat Fac Machines Disabled 5 | . 3 . . . 2 Max in Single Turn 1 | . 1 . . . 1 Machines Repaired . | . . . . . . Machines Dismantled . | . . . . . . Machines Sabotaged . | . . . . . . Overloaded Fab Kills . | . . . . . . Hacking | -11 -10 -10 -9 -8 -7 --------- Run | Yrd Mat Min Mat Mat Fac Machines Accessed 19 | . 4 . 6 . 9 Terminals 14 | . 3 . 5 . 6 Fabricators 2 | . . . . . 2 Repair Stations 3 | . 1 . 1 . 1 Recycling Units . | . . . . . . Scanalyzers . | . . . . . . Garrison Access . | . . . . . . Total Hacks 51 | . 15 . 17 . 19 Successful 28 | . 8 . 11 . 9 Failed 23 | . 7 . 6 . 10 Catastrophic 5 | . 1 . 2 . 2 Database Lockouts . | . . . . . . Manual 23 | . 7 . 10 . 6 Terminals 38 | . 9 . 15 . 14 Fabricators 3 | . . . . . 3 Repair Stations 10 | . 6 . 2 . 2 Recycling Units . | . . . . . . Scanalyzers . | . . . . . . Garrison Access . | . . . . . . Terminal Hacks 9 | . 1 . 4 . 4 Record 1 | . . . 1 . . Prototype ID Bank 1 | . . . 1 . . Open DSF 2 | . . . . . 2 Terminal Index 1 | . . . . . 1 Alert Level 1 | . 1 . . . . Unreport Threat 1 | . . . 1 . . Reprogram Traps 1 | . . . 1 . . Zone Layout 1 | . . . . . 1 Fabricator Hacks . | . . . . . . Repair Station Hacks 7 | . 4 . 2 . 1 Scan Component 4 | . 3 . 1 . . Repair 2 | . 1 . 1 . . Refit 1 | . . . . . 1 Recycling Unit Hacks . | . . . . . . Scanalyzer . | . . . . . . Garrison Access Hacks . | . . . . . . Unauthorized Hacks 12 | . 3 . 5 . 4 Terminals 12 | . 3 . 5 . 4 Botnet 12 | . 3 . 5 . 4 Fabricators . | . . . . . . Repair Stations . | . . . . . . Recycling Units . | . . . . . . Scanalyzers . | . . . . . . Garrison Access . | . . . . . . Data Cores Recovered . | . . . . . . Used . | . . . . . . Hacking Detections 17 | . 4 . 5 . 8 Full Trace Events 5 | . 3 . 1 . 1 Feedback Events . | . . . . . . Feedback Blocked . | . . . . . . Robot Schematics Acquired . | . . . . . . Robots Built . | . . . . . . Authchips . | . . . . . . Time . | . . . . . . Total Robot Build Rating . | . . . . . . Part Schematics Acquired . | . . . . . . Parts Built . | . . . . . . Authchips . | . . . . . . Time . | . . . . . . Total Part Build Rating . | . . . . . . Parts Repaired 2 | . 1 . 1 . . Time 64 | . 38 . 26 . . Parts Recycled . | . . . . . . Recycled Matter . | . . . . . . Retrieved Matter . | . . . . . . Retrieved Components . | . . . . . . Parts Scanalyzed . | . . . . . . Part Schematics Acquired . | . . . . . . Parts Damaged . | . . . . . . Bothacking | -11 -10 -10 -9 -8 -7 ------------ Run | Yrd Mat Min Mat Mat Fac Used RIF Installer . | . . . . . . Robots Hacked 1 | . . . . 1 . Non-combat . | . . . . . . Combat 1 | . . . . 1 . Robot Hacks Applied 1 | . . . . 1 . parse_system 1 | . . . . 1 . Relay Couplers Released . | . . . . . . Fabnet Peak Effective % . | . . . . . . Robots Rewired . | . . . . . . Allies Hacked . | . . . . . . Hacks Repelled . | . . . . . . Allies | -11 -10 -10 -9 -8 -7 -------- Run | Yrd Mat Min Mat Mat Fac Total Allies . | . . . . . . Largest Group . | . . . . . . Highest-Rated Group . | . . . . . . Highest-Rated Ally . | . . . . . . Total Orders . | . . . . . . Ally Attacks . | . . . . . . Total Damage . | . . . . . . Kills . | . . . . . . Allies Corrupted . | . . . . . . Allies Melted . | . . . . . . Intel | -11 -10 -10 -9 -8 -7 ------- Run | Yrd Mat Min Mat Mat Fac Robot Analysis Total . | . . . . . . Derelict Logs Recovered . | . . . . . . Drone Launches . | . . . . . . Drone Recoveries . | . . . . . . Exploration | -11 -10 -10 -9 -8 -7 ------------- Run | Yrd Mat Min Mat Mat Fac Turns Passed 2178 | 4 361 29 337 147 1300 Spaces Moved 1796 | 4 225 53 465 171 878 Core 381 | . . 53 241 . 87 Treads 311 | . 2 . . . 309 Legs 170 | 4 166 . . . . Wheels . | . . . . . . Hover 394 | . 57 . 224 98 15 Flight 540 | . . . . 73 467 Fastest Speed 34 | 120 120 50 50 40 34 Average Speed 91 | 120 121 50 54 74 109 Slowest Speed 300 | 120 160 50 150 120 300 Overloaded Moves . | . . . . . . Propulsion Burnouts . | . . . . . . Robots Hopped 8 | . . . . 4 4 Cave-ins Triggered . | . . . . . . Exploration Rate (%) 28 | 1 55 18 41 25 28 Regions Visited 5 Branch Regions 1 Pre-discovered Areas . | . . . . . . Known Exits Taken . | . . . . . . Unknown Exits Taken 5 | 1 1 1 1 1 . Scrap Searched . | . . . . . . Spaces Dug . | . . . . . . Terrain Destroyed 24 | . 23 . . . 1 Melee . | . . . . . . Projectile 1 | . . . . . 1 AOE 23 | . 23 . . . . Terrain Rammed . | . . . . . . Walls Destroyed . | . . . . . . Machines Disabled . | . . . . . . Actions | -11 -10 -10 -9 -8 -7 --------- Run | Yrd Mat Min Mat Mat Fac Total 2187 | 3 279 55 546 184 1120 Wait 170 | . 4 . 58 . 108 Move 1775 | 3 224 52 464 162 870 Hop 8 | . . . . 4 4 Pick Up 45 | . 9 . 6 6 24 Fast Attach 26 | . . . 7 1 18 Attach 26 | . 8 . 2 3 13 Detach 8 | . . . 1 1 6 Swap 12 | . 6 1 1 1 3 Drop 28 | . 3 2 6 3 14 Fire 81 | . 20 . 1 3 57 Melee 2 | . . . . . 2 Ram 4 | . 3 . . . 1 Kick 2 | . 2 . . . . Crush . | . . . . . . Escape Stasis . | . . . . . . Rewire . | . . . . . . Trap . | . . . . . . Miscellaneous . | . . . . . . Route ------- -11/Scrapyard -10/Materials (discovered 2 exits: *Mat / [*Min]) -10/Mines (discovered 2 exits: *Mat x2) -9/Materials (discovered 2 exits: [*Mat] / [*Min]) -8/Materials (discovered 2 exits: *Fac / [*Sto]) -7/Factory (discovered 1 exit: [*Low]) History --------- Turn | Location | Event 1 | -11/Scrapyard | Discovered new exit (range 3) 5 | -11/Scrapyard | Entered Materials 191 | -10/Materials | Core integrity fell below 50% 254 | -10/Materials | Discovered new exit (range 14) 261 | -10/Materials | Repaired Lgt. Nuclear Core? 305 | -10/Materials | Build established: Mutant 313 | -10/Materials | Core integrity fell below 20% 331 | -10/Materials | Discovered new exit (range 15) 366 | -10/Materials | Entered Mines 369 | -10/Mines | Discovered new exit (range 9) 382 | -10/Mines | Assembled infested the area 391 | -10/Mines | Discovered new exit (range 10) 395 | -10/Mines | Entered Materials 395 | -9/Materials | Evolved 2 slots: Propulsion x1, Utility x1 463 | -9/Materials | Repaired Hover Unit 544 | -9/Materials | Discovered new exit (range 13) 615 | -9/Materials | Discovered new exit (range 6) 732 | -9/Materials | Entered another Materials area 732 | -8/Materials | Evolved 2 slots: Utility x2 807 | -8/Materials | Discovered new exit (range 3) 877 | -8/Materials | Discovered new exit (range 3) 879 | -8/Materials | Entered Factory 879 | -7/Factory | Evolved 2 slots: Utility x2 905 | -7/Factory | Lost 3 parts (1p1n1u) 1595 | -7/Factory | Build established: Infiltrator-Mutant 1726 | -7/Factory | Lost 10 parts (2p3n2u3w) 1925 | -7/Factory | Core integrity fell below 50% 1947 | -7/Factory | Build established: Mutant 1988 | -7/Factory | Lost 3 parts (1p1n1w) 2015 | -7/Factory | Core integrity fell below 20% 2039 | -7/Factory | Destroyed 7 combat bots 2110 | -7/Factory | Discovered new exit (range 10) 2179 | -7/Factory | Destroyed by G-47 Trooper with Particle Gun Last Messages --------------- Awaiting botnet instructions. 02128_ ALERT: Suspicious activity at Terminal F001. Dispatching Investigation squad. 02134_ Destroyed Imp. Datajack. 02136_ Subcomponent Replicator disabled. 02145_ System corrupted: Heat flow error (+246). 02155_ VTOL Module destroyed. 02165_ Jacked Y-54 Guardian... 02165_ Command string: reboot_system 02166_ Jacked Y-54 Guardian... 02170_ Gravmag System destroyed. 02171_ System corrupted: FCS attempts to trigger Adv. Assault Cannon. 02171_ System corrupted: Adv. Assault Cannon misfires. 02176_ Weight Redist. System destroyed. 02176_ VTOL Module destroyed. 02177_ Dropped Med. Storage Unit. 02177_ Dropped Arc Projector. 02178_ Dropped Target Analyzer. Map ----- +----------------------------------------------------+ | ?????????? ??????????????????????????????????? | | ###????????==! ??????????????????????????????????? | | ???????? ==! ?????????????????????????????????? | | ??????????== ?????????????????????????????????? | | #?????????? ?????????????????????????????????? | | #???????" ? """ ????????????????????????????????? | | #????#"F" """ ????????????????????????????????? | | #?????" [[ """ ####????????????????????????????? | | #?????"""[[ """ #????????????????????????????? | | #?????"""[[ #????????????????????????????? | | #######?# #????????????????????????????? | | #?# #????????????????????????????? | | #?# #####+############?????????????????? | | """ ### ##??# #?????????????????? | | """ ## #??# g #?????????????????? | | """ ## #??# "" "" #?????????????????? | | "" ## #??# "" "" #?????????????????? | | "" ## < #??# """ """ #?????????????????? | | ## #??# "" """ #?????????????????? | | ! """ #? ???# "" """ #?????????????????? | | """ #?? ????# #?????????????????? | | """ #??# #????#" " gYg #?????????????????? | | "" #??# #????#"T g #?????????????????? | | "" #??# #????#""" ! #?????????????????? | | #### % #????# !!! #?????????????????? | | ###+###"## ############@######?????????????????? | | [!! #??????????????????? | | ! #??????????????????? | | !!! % "" #??????????????????? | | """ """ """ !!! """ "" #??????????????????? | | """ """ """ !! """ T" #??????????????????? | | """ """ """ """ "" #??????????????????? | | "" #??????????????????? | | """ """ """ """ """ #??????????????????? | | """ """ """ """ """ #??????????????????? | | """ """ """ """ """ #??????????????????? | | ? #??????????????????? | | ?"" """ """ """ < """ #??????????????????? | | ??" """ """ """ u """ #??????????????????? | | ??" """ "?" "?" """ #??????????????????? | | ??? ??? ?? ?? #??????????????????? | | ??? ??? ?? ?? ??? #??????????????????? | | ??? ??? ? ?? ?? ??? #??????????????????? | | ??????? ?? ?? ?? ???? ???????????????????? | | ???????????????????#####????#????????????????????? | | ?????????????????????????????????????????????????? | | ?????????????????????????????????????????????????? | | ?????????????????????????????????????????????????? | | ?????????????????????????????????????????????????? | | ?????????????????????????????????????????????????? | +----------------------------------------------------+ Best States ------------- Heat Dissipation 34 Energy Generation 16 Energy Capacity 290 Matter Stores 300 Matter Capacity 300 Sight Range 18 Robot Scan Range 14 Terrain Scan Density 10 ECM Strength 1 Additional Mass Support 6 Utility Shielding 66 Evasion (%) 63 Targeting Accuracy 16 Core Analysis 6 Recoil Reduction 3 Offensive Hacking 10 Item Schematics ----------------- None Robot Schematics ------------------ None Fabricated ------------ Nothing Alien Tech Used ----------------- None Achievements -------------- None Challenges ------------ None Game ------ Seed VampiricWarpFlightbrick Manual? 0 Play Time 01:21:42 Cumulative 102.8 hours Start 2024.09.25 @ 21:53:06 End 2024.09.25 @ 23:52:52 Sessions 3 Manual Loads 0 Difficulty Rogue Special Mode None Game No. 72 Rogue 72 Adventurer 0 Explorer 0 Win Type - Total 2 Types 2/0/0/0/0/0/0/0/0 Lore% 23 Gallery% 44 Achievement% 32 Wizard Run 0 Options --------- Layout 1 ASCII 0 Keyboard 0 Movement Mouse Keybinds 0 Fullscreen 2 Font 24/Smallcaps Map View 50x35 Zoom Use 0% Tactical HUD 1 Map Filters NONE Filters NONE Steam 1 RUN: 0d57d0af-5570-41b4-a44b-a9f5ea84ac5e